 Dungeon Crawl Stone Soup version 0.28-a0-845-gfc338a8e3c (webtiles) character file.

Game seed: 16695531758076579292

14978 cheechan the Sharpshooter (level 12, -2/87 HPs)
             Began as an Octopode Hunter on Nov 12, 2021.
             Was a High Priest of Okawaru.
             Slain by a vampire (7 damage)
             ... on level 11 of the Dungeon.
             The game lasted 01:06:08 (13709 turns).

cheechan the Sharpshooter (Octopode Hunter)        Turns: 13709, Time: 01:06:10

Health: -2/87      AC:  5    Str: 13    XL:     12   Next: 22%
Magic:  3/3        EV: 20    Int: 13    God:    Okawaru [*****.]
Gold:   520        SH:  0    Dex: 16    Spells: 11/11 levels left

rFire   . . .      SeeInvis .   F - +6 triple crossbow of Asiker {flame, rElec rPois rN++ MP-9}
rCold   . . .      Faith    .   (shield currently unavailable)
rNeg    + + .      Spirit   .   (helmet restricted)
rPois   +          Reflect  .   (no amulet)
rElec   +          Harm     .   r - +4 ring of evasion
rCorr   .          Rampage  .   D - +4 ring of protection
Will    .....                   A - ring of wizardry
Stlth   ++++......              (no ring)
HPRegen 0.24/turn               (no ring)
MPRegen 0.08/turn               (no ring)
                                (no ring)
                                (no ring)

@: no status effects
A: almost no armour, amphibious, 8 rings, camouflage 1, gelatinous body 1,
(nimble swimmer 1), tentacles
a: Renounce Religion, Heroism, Finesse, Duel


You were on level 11 of the Dungeon.
You worshipped Okawaru.
Okawaru was extremely pleased with you.
You visited 2 branches of the dungeon, and saw 12 of its levels.
You also visited: Ossuary.

You collected 634 gold pieces.
You spent 114 gold pieces at shops.

Inventory:

Hand Weapons
 a - a +1 hand crossbow of flaming
 e - a +4 scimitar of flaming
 l - a +0 hunting sling
 o - a +0 arbalest
 E - the +6 dagger of Sandy Purpose {vorpal, rF- rN+++ Will+ Dex-4}
   (You found it on level 5 of the Dungeon)

   It inflicts extra damage upon your enemies.
   Dex:       It affects your dexterity (-4).
   rF:        It makes you vulnerable to fire.
   rN:        It renders you almost immune to negative energy.
   Will:      It increases your willpower.
 F - the +6 triple crossbow of Asiker (weapon) {flame, rElec rPois rN++ MP-9}
   (You acquired it on level 6 of the Dungeon)

   Any ammunition fired from it burns those it strikes, dealing additional fire
   damage.
   rElec:     It insulates you from electricity.
   rPois:     It protects you from poison.
   rN:        It greatly protects you from negative energy.
   MP:        It affects your magic capacity (-9).
 O - a +1 shortbow of flaming
Missiles
 c - 113 bolts (quivered ammo)
 d - 359 arrows
 f - 75 sling bullets
 n - 31 poisoned darts
 J - a curare-tipped dart
 L - 6 boomerangs
 M - a throwing net
Armour
 x - a +1 buckler
 y - a +0 kite shield
Jewellery
 r - a +4 ring of evasion (left tentacle)
 A - a ring of wizardry (on tentacle)
 D - a +4 ring of protection (right tentacle)
Wands
 q - a wand of digging (4)
 G - a wand of flame (20)
 I - a wand of iceblast (10)
 N - a wand of polymorph (14)
Scrolls
 b - 2 scrolls of fog
 h - 5 scrolls of teleportation
 C - 2 scrolls of holy word
 K - 2 scrolls of amnesia
 P - 3 scrolls of identify
Potions
 g - 7 potions of magic
 i - 4 potions of curing
 j - 3 potions of cancellation
 m - a potion of experience
 p - 3 potions of flight
 s - a potion of berserk rage
 t - a potion of brilliance
 u - a potion of ambrosia
 v - a potion of haste
 w - 2 potions of might
 z - a potion of lignification
 B - a potion of invisibility
 H - a potion of attraction
Miscellaneous
 k - a tin of tremorstones (2/2)


   Skills:
 + Level 10.1 Fighting
 + Level 0.3 Short Blades
 + Level 15.5 Crossbows
 + Level 6.5 Dodging
 + Level 5.3 Stealth
 + Level 1.1 Shields


You had 11 spell levels left.
You didn't know any spells.
Your spell library contained the following spells:

 Spells                   Type           Power      Damage    Failure   Level
 Slow                     Hex            0%         N/A       12%         1
 Confusing Touch          Hex            0%         N/A       34%         3
 Ignite Poison            Fire/Tmut/Pois 0%         N/A       34%         3
 Mephitic Cloud           Conj/Pois/Air  0%         N/A       34%         3
 Portal Projectile        Hex/Tloc       0%         N/A       34%         3
 Blade Hands              Tmut           0%         N/A       96%         5
 Excruciating Wounds      Necr           0%         N/A       96%         5
 Freezing Cloud           Conj/Ice/Air   0%         6-21      96%         5
 Yara's Violent Unravell  Hex/Tmut       0%         3d3       96%         5
 Animate Dead             Necr           Unusable   N/A       N/A         4
 Haunt                    Necr/Summ      Unusable   N/A       N/A         7
 Infestation              Necr           Unusable   N/A       N/A         8

Dungeon Overview and Level Annotations

Branches:
Dungeon (11/15)            Temple (1/1) D:6            Lair (0/6) D:8
    Orc (0/2) D:11        Ossuary (visited)

Altars:
Ashenzari
Cheibriados
Dithmenos
Elyvilon
Fedhas
Gozag
Hepliaklqana
Kikubaaqudgha
Makhleb
Nemelex Xobeh
Okawaru
Qazlal
Ru
Sif Muna
Trog
Uskayaw
Vehumet
Wu Jian
Xom
Yredelemnul
Zin
The Shining One

Shops:
D:3 *   D:7 ?   D:11 [(


Innate Abilities, Weirdness & Mutations

You cannot wear most types of armour.
You are amphibious.
You can wear up to eight rings at the same time.
Your skin changes colour to match your surroundings (Stealth+).
Your rubbery body absorbs attacks. (AC +1, EV +1)
((You are camouflaged near water. (Stealth+)))
You have tentacles for arms and can constrict up to eight enemies at once.


Message History

Aim: a yak (moderately wounded, 81% to hit)
You shoot a bolt. The bolt hits the yak!!
The bolt burns the yak.
You kill the yak!
Okawaru accepts your kill. The yak gores you. The yak closely misses you.
Fire: 114 bolts
Press: ? - help, Shift-Dir - straight line, f - yak
Aim: a yak (severely wounded, 81% to hit)
You shoot a bolt. The bolt hits the yak!!
The bolt burns the yak.
You kill the yak!
Okawaru accepts your kill. Something hits you. Something bites you.
Something draws strength from your injuries!
Something hits you but does no damage. Something bites you!
* * * LOW HITPOINT WARNING * * *
Something draws strength from your injuries!
You feel better. Something misses you. Something bites you!
* * * LOW HITPOINT WARNING * * *
Something draws strength from your injuries!
You feel better. Something hits you!
* * * LOW HITPOINT WARNING * * *
Something bites you!
* * * LOW HITPOINT WARNING * * *
Something draws strength from your injuries!
Okay, then.
Unknown command.
Found 4 gold pieces.
Found 23 gold pieces.
There is a stone staircase leading up, spattered with blood here.
You hear some strange, mumbled words.
Something tries to affect you, but you resist.
Things that are here:
3 bolts; a yak corpse; a yak corpse
Found a scroll of teleportation.
You see here a bolt.
There is a stone staircase leading up here.
Something hits you!
* * * LOW HITPOINT WARNING * * *
Something bites you!
You die...

#....# ..$(.(.
#....##$...>..
#.....#.......
#...#..)...∩.$
#...##...$...$
###((<(((.$$..
#(..(.......
#...((.....#
#@..##.#.#..
#...........
#.........#.
#...####...
#...# ##.
#..?# #...#
#...#


There were no monsters in sight!

Vanquished Creatures
  Erica (D:9)
  4 two-headed ogres
  2 ugly things
  Maggie (D:8)
  An efreet (D:9)
  2 trolls
  A hornet (D:7)
  Prince Ribbit (D:8)
  A wraith (D:10)
  A shadow (D:10)
  21 yaks
  2 wyverns
  2 steam dragons
  Edmund (D:5)
  5 acid dragons
  A hornet zombie (D:4)
  9 orc warriors
  3 sky beasts
  A water moccasin (D:7)
  A black bear (D:6)
  2 ice beasts
  A necrophage (D:7)
  2 ogres
  8 centaurs
  A wolf (D:8)
  A kobold brigand (D:7)
  2 wyvern zombies
  A bullfrog (D:8)
  2 scorpions
  4 gnoll sergeants
  A water moccasin skeleton (D:6)
  A killer bee (D:9)
  2 howler monkeys
  A bullfrog zombie (D:5)
  3 centaur zombies (D:10)
  2 orc priests
  Crazy Yiuf (D:2)
  A bullfrog skeleton (D:7)
  8 hounds
  A centaur skeleton (D:4)
  A gnoll shaman (D:8)
  Jessica (D:2)
  8 iguanas
  4 orc wizards
  A scorpion zombie (D:4)
  A killer bee zombie (D:9)
  A hound skeleton (D:5)
  12 mummies (Ossuary)
  Robin (D:3)
  22 gnolls
  6 adders
  An ufetubus (D:6)
  An adder skeleton (D:4)
  2 dart slugs
  14 orcs
  8 ball pythons
  4 endoplasms
  7 giant cockroaches
  20 goblins
  9 hobgoblins
  A quokka (D:4)
  4 bats
  A frilled lizard (D:3)
  2 gnoll skeletons (Ossuary)
  2 goblin skeletons (Ossuary)
  A jackal skeleton (D:4)
  13 kobolds
  3 kobold skeletons (Ossuary)
  An orc skeleton (Ossuary)
  8 rats
  11 rat skeletons (Ossuary)
277 creatures vanquished.

Vanquished Creatures (others)
  8 fungi (D:9)
  4 toadstools (D:9)
12 creatures vanquished.

Grand Total: 289 creatures vanquished

Notes
Turn   | Place    | Note
-------+----------+-------------------------------------------
     0 | D:1      | cheechan the Octopode Hunter began the quest for the Orb.
     0 | D:1      | Reached XP level 1. HP: 14/14 MP: 1/1
   515 | D:1      | Reached XP level 2. HP: 19/19 MP: 2/2
   736 | D:1      | Reached XP level 3. HP: 16/25 MP: 3/3
   940 | D:1      | Found a faded altar of an unknown god.
  1102 | D:2      | Reached skill level 5 in Crossbows
  1417 | D:2      | Reached XP level 4. HP: 22/30 MP: 4/4
  1826 | D:2      | Found a runed translucent door.
  1827 | D:2      | Noticed Crazy Yiuf
  1839 | D:2      | Killed Crazy Yiuf
  1840 | D:2      | Reached XP level 5. HP: 11/35 MP: 5/5
  2291 | D:2      | Found a shimmering altar of Xom.
  2340 | D:2      | Noticed Jessica
  2345 | D:2      | Killed Jessica
  2382 | D:2      | Reached skill level 6 in Crossbows
  3238 | D:3      | Found Zaifetuy's General Store.
  3243 | D:3      | Bought 25 bolts for 55 gold pieces
  3243 | D:3      | Bought 17 bolts for 37 gold pieces
  3243 | D:3      | Bought a scroll of identify for 22 gold pieces
  3417 | D:3      | Noticed Robin
  3424 | D:3      | Reached XP level 6. HP: 34/42 MP: 6/6
  3437 | D:3      | Killed Robin
  4078 | D:4      | Found a sand-covered staircase.
  4084 | Ossuary  | Entered an ossuary
  4643 | Ossuary  | Reached XP level 7. HP: 46/46 MP: 7/7
  4689 | Ossuary  | Reached skill level 7 in Crossbows
  5228 | D:4      | Found a sparkling altar of Nemelex Xobeh.
  5338 | D:4      | Reached skill level 8 in Crossbows
  5338 | D:4      | Reached XP level 8. HP: 39/54 MP: 8/8
  5575 | D:5      | Entered Level 5 of the Dungeon
  5600 | D:5      | Noticed Edmund
  5618 | D:5      | Killed Edmund
  5854 | D:5      | Reached skill level 5 in Fighting
  6354 | D:5      | Identified the +6 dagger of Sandy Purpose {vorpal, rF-
                  | rN+++ Will+ Dex-4}
  7028 | D:6      | Reached skill level 9 in Crossbows
  7086 | D:6      | Found a staircase to the Ecumenical Temple.
  7100 | Temple   | Entered the Ecumenical Temple
  7543 | D:6      | Identified a scroll of acquirement
  7543 | D:6      | Acquired the +6 triple crossbow of Asiker {flame, rElec
                  | rPois rN++ MP-9}
  7603 | D:6      | Reached XP level 9. HP: 57/62 MP: 0/9
  7604 | D:6      | Reached skill level 1 in Shields
  7656 | D:6      | Reached skill level 10 in Crossbows
  8287 | D:7      | Found Ledurgh's Magic Scroll Boutique.
  9155 | D:8      | Found an iron altar of Okawaru.
  9179 | D:8      | Noticed a hornet
  9183 | D:7      | Killed a hornet
  9186 | D:7      | Reached skill level 11 in Crossbows
  9295 | D:8      | Became a worshipper of Warmaster Okawaru
  9314 | D:8      | Noticed Maggie
  9346 | D:8      | Killed Maggie
  9347 | D:8      | Reached XP level 10. HP: 57/71 MP: 1/10
  9394 | D:8      | Noticed Prince Ribbit
  9397 | D:8      | Killed Prince Ribbit
  9507 | D:8      | Reached * piety under Okawaru
  9546 | D:8      | Found a staircase to the Lair.
  9588 | D:8      | Reached skill level 12 in Crossbows
  9590 | D:8      | Reached skill level 5 in Dodging
  9591 | D:8      | Reached ** piety under Okawaru
  9944 | D:8      | Reached skill level 5 in Stealth
 10375 | D:9      | Reached *** piety under Okawaru
 10375 | D:9      | Received a gift from Okawaru
 10556 | D:9      | Noticed a white ugly thing
 10561 | D:9      | Noticed a two-headed ogre
 10591 | D:8      | Killed a white ugly thing
 10592 | D:8      | Reached skill level 13 in Crossbows
 10592 | D:8      | Reached XP level 11. HP: 15/78 MP: 2/11
 10972 | D:9      | Noticed Erica
 10982 | D:9      | Killed Erica
 10982 | D:9      | Received a gift from Okawaru
 11120 | D:9      | Killed a two-headed ogre
 11298 | D:9      | Found a hide-covered altar of Uskayaw.
 11302 | D:9      | Reached **** piety under Okawaru
 11306 | D:9      | Received a gift from Okawaru
 11550 | D:9      | Noticed a two-headed ogre
 11596 | D:9      | Killed a two-headed ogre
 11597 | D:9      | Reached skill level 14 in Crossbows
 11676 | D:9      | Found a hazy altar of Hepliaklqana.
 11815 | D:9      | Noticed a red ugly thing
 11835 | D:9      | Killed a red ugly thing
 12145 | D:10     | Entered Level 10 of the Dungeon
 12346 | D:10     | Noticed a two-headed ogre
 12687 | D:10     | Noticed a two-headed ogre
 12694 | D:10     | Killed a two-headed ogre
 12694 | D:10     | Received a gift from Okawaru
 12731 | D:10     | Reached ***** piety under Okawaru
 12936 | D:10     | Killed a two-headed ogre
 12937 | D:10     | Reached skill level 15 in Crossbows
 12937 | D:10     | Reached XP level 12. HP: 65/87 MP: 3/12
 13111 | D:10     | Reached skill level 10 in Fighting
 13676 | D:11     | Found Ulol's Weapon Shop.
 13676 | D:11     | Found a staircase to the Orcish Mines.
 13676 | D:11     | Found Veagim's Armour Shop.
 13709 | D:11     | Slain by a vampire

Illustrated notes

Levels and vault maps discovered:
D:1:      wander_arrival_abandoned_jail, layout_basic,
          shapermc_ecumenical_altar_ellora
D:2:      layout_loops_corners, basic_altar, uniq_crazy_yiuf_cottage,
          uniq_jessica
D:3:      layout_basic, serial_corexii_hall, chequers_hall_statues_corner_a,
          chequers_hall_statues_wall_a, serial_shops, nicolae_shop_stone,
          uniq_robin
D:4:      layout_loops_ring, lemuel_tele_altar, nicolae_ossuary_entry_plus,
          minmay_misc_feat_tower, minmay_divided_ellipse
D:5:      layout_loops_corners, kennysheep_generic_room_12, uniq_edmund
D:6:      layout_basic, minmay_temple_entry_drinking_statues
D:7:      layout_loops_ring, serial_shops, nicolae_shop_statue_plus
D:8:      layout_gridville, okawaru_trees_1, erik_lair_island,
          kennysheep_flooded_box, uniq_maggie, uniq_prince_ribbit1
D:9:      layout_cave_pools, mainiacjoe_overflow_large_starburst,
          minmay_gold_behind_fungi, minmay_fractal_squares_gapless_7, uniq_erica
D:10:     minmay_four_partial_circles, layout_irregular_city
D:11:     layout_rooms, orc_david_3, minmay_radiant
Temple:   dpeg_five_rooms_temple

Skill      XL: |  1  2  3  4  5  6  7  8  9 10 11 12 |
---------------+-------------------------------------+-----
Crossbows      | 5 6 8 9 11 13 15 | 15.5
Stealth        | 2 3 4 5 |  5.3
Fighting       | 3 4 5 7 8 9 10 | 10.1
Dodging        | 3 4 5 6 |  6.5
Shields        | 1 |  1.1
Short Blades   | |  0.3

Action                   |  1- 3 |  4- 6 |  7- 9 | 10-12 || total
-------------------------+-------+-------+-------+-------++-------
Melee: Constrict         |     2 |     5 |       |       ||     7
       Hand crossbow     |     2 |     2 |       |       ||     4
       Tentacles         |     1 |     2 |       |     3 ||     6
       Arbalest          |       |     1 |       |       ||     1
       Short sword       |       |     8 |       |       ||     8
       Triple crossbow   |       |       |     3 |    11 ||    14
 Fire: Hand crossbow     |    64 |   145 |   137 |       ||   346
       Arbalest          |       |     8 |       |       ||     8
       Triple crossbow   |       |       |    76 |   240 ||   316
  Use: Scroll            |     2 |    11 |    13 |     9 ||    35
       Potion            |       |       |       |     4 ||     4
 Stab: Sleeping          |       |     1 |       |       ||     1
Armor: Skin              |     2 |     2 |    22 |    25 ||    51
Dodge: Dodged            |    27 |    44 |   120 |   191 ||   382
Block: Buckler           |       |       |     9 |       ||     9

Table legend: (Time is in decaauts)
 A = Elapsed time spent in this place.
 B = Non-inter-level travel time spent in this place.
 C = Inter-level travel time spent in this place.
 D = Time resting spent in this place.
 E = Time spent auto-exploring this place.
 F = Levels seen in this place.
 G = Mean time per level.
                   A        B        C        D        E       F      G
               +--------+--------+--------+--------+--------+-----+--------+
         Total |  13984 |  13984 |      0 |   3075 |      0 |  13 | 1075.7 |
       Dungeon |  12952 |  12952 |      0 |   2815 |      0 |  11 | 1177.5 |
        Temple |    313 |    313 |      0 |      0 |      0 |   1 |  313.0 |
       Ossuary |    718 |    718 |      0 |    260 |      0 |   1 |  718.0 |
               +--------+--------+--------+--------+--------+-----+--------+

Top non-repeatable levels by time:
     D:2: 1862 daAuts
    D:10: 1580 daAuts
     D:9: 1529 daAuts
     D:8: 1482 daAuts
     D:4: 1247 daAuts
     D:5: 1242 daAuts
     D:1: 1035 daAuts
     D:6: 989 daAuts
     D:7: 988 daAuts
     D:3: 952 daAuts
 Ossuary: 718 daAuts
  Temple: 313 daAuts
    D:11: 43 daAuts
